Merl, neutral female human Valkyrie -------------- --------- |............|####### ##........| |........<...|########################### # |.......| ----------.---# ### -------------### |.......| ##### # |`.........`|# |.......| ### ### |.....`.....|% -.------- # # |...-----....##########` o@##### ######%### ###|...|.[.|...|# # ---.-- ---.- #...`|{.{%`... # -....| |.>.| |...|.%%|...| #### |...(| |...| |...-----...| --.-.- |....| |...| |.....`.....| |....| #-....| ----- |`.........`- |.....#%#%#####------ ------------- |....| ------ Merl the Skirmisher Experience level: 5 Strength: 17 Dexterity: 16 Constitution: 18 Intelligence: 8 Wisdom: 7 Charisma: 9 Health: 0(40) Energy: 6(6) Def: 15 Gold: 108 Moves: 2016 Dungeon seed: YyhNBClnOc-Z5EeP Game ID: Merl_1525051286 Your Inventory: Coins $ - 108 gold pieces Weapons a - an uncursed corroded +1 long sword (weapon in hand) b - an uncursed +0 dagger s - an uncursed +0 stiletto of hunger Armor e - an uncursed +3 small shield (being worn) n - an uncursed +0 pair of jumping boots q - an uncursed +0 dwarvish cloak (being worn) r - an uncursed +0 dwarvish iron helm (being worn) y - an uncursed +0 dwarvish mithril-coat (being worn) z - a blessed +1 pair of iron shoes (being worn) N - an uncursed +0 cloak of displacement Y - an uncursed +0 pair of elven boots Comestibles f - 2 uncursed fortune cookies p - 2 uncursed food rations Scrolls m - an uncursed scroll of enchant weapon o - 2 uncursed scrolls of blank paper x - an uncursed scroll of fire Potions i - an uncursed potion of sickness Wands t - an uncursed wand of speed monster (0:4) Tools d - an uncursed oil lamp (0:1314) k - an uncursed +0 pick-axe l - an uncursed towel v - an uncursed mirror w - an uncursed skeleton key Spells and supernatural/magical abilities: Name Level Category Cost Memory W - pray for help -- divine ? -- Your skills at the end: Fighting Skills wands [Basic] Weapon Skills dagger [Basic] long sword [Basic] Spellcasting Skills Final Attributes: You were piously aligned. You were immune to cold. You were telepathic. You were stealthy. You were slow. You were lucky. Odin was noncommittal.. You are dead. Vanquished creatures: a small mimic a gnome mummy a wood nymph 3 Uruk-hai a rock mole a paper golem a little dog a floating eye 2 dwarves 4 hill orcs 4 rothes a rabid rat a centipede a werejackal an acid blob a coyote a large kobold a hobgoblin a yellow mold 3 geckos 2 jackals a kobold 2 goblins a grid bug a bat 2 lichens a kobold zombie 2 newts 43 creatures vanquished. Voluntary challenges: You were an atheist. You used a wielded weapon 72 times, starting on turn 216. You read items or engraved 1 time, starting on turn 1011. You never genocided any monsters. You never polymorphed an object. You never changed form. You used no wishes. You never split a pudding. You never wrote Elbereth's name. You never violated your personal moral code. Dungeon overview: The Dungeons of Doom: levels 1 to 6 Level 1 a vault a long staircase Level 2 a sink, a vault a long staircase Level 3 Level 4 a fountain Level 5 an armor shop, a fountain Level 6 <- You were here many fountains Level 7 History has recorded: On T:1 you entered the Dungeons of Doom to retrieve the Amulet of Yendor! On T:269 you reached level 2 of The Dungeons of Doom. On T:628 you reached level 3 of The Dungeons of Doom. On T:731 you advanced to experience level 2. On T:754 you reached level 4 of The Dungeons of Doom. On T:1164 you reached level 5 of The Dungeons of Doom. On T:1167 you advanced to experience level 3. On T:1395 you advanced to experience level 4. On T:1514 you reached level 6 of The Dungeons of Doom. On T:1654 you advanced to experience level 5. Score breakdown: Gold: 108 ( 6930 points) Experience: 5 levels (11141 points) Exploration: 6 levels ( 12.50%) ( 9784 points) Discoveries: 3 items ( 1.20%) ( 3286 points) Valuables value: (no points given unless you survive) Artifact value: 0 ( 0 points) Variety of kills: 28 monsters ( 7.37%) ( 8143 points) Turncount: 2016 turns ( -12 points) Survival: died (score multiplied by 80%) Total score: 31417 Latest messages: The Uruk-hai hits! [2 turns] You hit the Uruk-hai. The nasty weapon hurts the Uruk-hai! The Uruk-hai swings her nasty orcish bow at you. The Uruk-hai hits! [2 turns] You kill the Uruk-hai! The Uruk-hai picks up a few items from the floor. [2 turns] You hit the Uruk-hai. The Uruk-hai misses. (2x) [2 turns] You hit the Uruk-hai! The Uruk-hai misses. [2 turns] You hit the Uruk-hai. The Uruk-hai misses. [2 turns] You hit the Uruk-hai. The Uruk-hai hits! You die... Final status: Farvel Merl the Valkyrie, killed by an Uruk-hai... You died in The Dungeons of Doom on dungeon level 6 with 31417 points, and 108 pieces of gold, after 2016 moves. You were level 5 with a maximum of 40 hit points when you died.